 Dungeon Crawl Stone Soup version 0.27-a0-637-g3a9f0a9c12 (webtiles) character file.

Game seed: 3511202672635559781

300 siradein the Conjurer (level 6, -7/43 (45) HPs)
             Began as a Draconian Conjurer on Mar 15, 2021.
             Killed from afar by Ijyb (8 damage)
             ... with an iceblast
             ... on level 3 of the Dungeon.
             The game lasted 00:20:44 (3082 turns).

siradein the Conjurer (Draconian Conjurer)          Turns: 3082, Time: 00:20:45

HP:   -7/43 (45)    AC:  6    Str: 10    XL:     6   Next: 13%
MP:   1/9           EV: 12    Int: 20    God:
Gold: 156           SH:  5    Dex:  9    Spells: 6/9 levels left

rFire    . . .     SeeInvis .   l - +0 scythe (venom)
rCold    . . .     Faith    .   (shield currently unavailable)
rNeg     . . .     Spirit   .   (armour unavailable)
rPois    .         Reflect  +   (helmet restricted)
rElec    .         Harm     .   (no cloak)
rCorr    .         Rampage  .   (no gloves)
Will     .....                  (no boots)
Stlth    ++........             i - amulet of reflection
HPRegen  0.14/turn              (no ring)
MPRegen  0.11/turn              (no ring)

@: lightly drained
A: AC +6, unfitting armour, cold-blooded
a: no special abilities


You were on level 3 of the Dungeon.
You visited 1 branch of the dungeon, and saw 3 of its levels.

You collected 156 gold pieces.

Inventory:

Hand Weapons
 l - a +0 scythe of venom (weapon)
Jewellery
 i - an amulet of reflection (around neck)
 k - an amulet of guardian spirit
Scrolls
 e - 2 scrolls of magic mapping {unknown}
 f - a scroll of teleportation {unknown}
 g - a scroll of identify {unknown}
 h - a scroll of amnesia {unknown}
Potions
 a - a potion of might {unknown}
 b - a potion of lignification {unknown}
 c - a potion of ambrosia {unknown}
 d - a potion of degeneration {unknown}
 j - a potion of attraction {unknown}
 m - a potion of resistance {unknown}


   Skills:
 - Level 1.7 Dodging
 - Level 1.7 Stealth
 - Level 2.0 Spellcasting
 + Level 7.5 Conjurations


You had 6 spell levels left.
You knew the following spells:

 Your Spells              Type           Power      Damage    Failure   Level
a - Magic Dart            Conj           100%       1d8       1%          1
b - Searing Ray           Conj           64%        3d5       1%          2

Your spell library contained the following spells:

 Spells                   Type           Power      Damage    Failure   Level
 Dazzling Flash           Conj/Hex       34%        N/A       10%         3
 Fulminant Prism          Conj/Hex       8%         3d7       32%         4
 Iskenderun's Mystic Bla  Conj/Tloc      17%        2d5       32%         4


Dungeon Overview and Level Annotations

Branches:
Dungeon (3/15)

Altars:
Ashenzari

Annotations:
D:3 Ijyb


Innate Abilities, Weirdness & Mutations

Your plain brown scales are hard. (AC +6)
You cannot fit into any form of body armour.
You are cold-blooded and may be slowed by cold attacks.


Message History

The searing ray hits Ijyb but does no damage.
The searing ray hits Ijyb.
Ijyb is moderately wounded.
Ijyb closely misses you.
The searing ray misses Ijyb.
You finish channeling your searing ray.
Ijyb hits you but does no damage.
You feel drained.
Casting: Searing Ray (safe; 1% risk of failure)
Confirm with . or Enter, or press ? or * to list all spells.
Aiming: Searing Ray (safe; 1% risk of failure)
Press: ? - help, Shift-Dir - straight line, f/p - Ijyb
Aim: Ijyb, wielding a +1 dagger of draining, wearing a +4 ring mail of poison resistance and carrying a wand of iceblast (13) (moderately wounded, 22% to evade)
The searing ray misses Ijyb. (Press . to maintain the ray.) Ijyb closely misses you.
The searing ray hits Ijyb but does no damage.
Ijyb is moderately wounded.
Ijyb hits you with a +1 dagger of draining.
You feel drained.
The searing ray hits Ijyb but does no damage.
Ijyb is moderately wounded.
Ijyb completely misses you.
Ijyb zaps a wand.
The mass of ice explodes!
The iceblast engulfs you.
You hear a shout!
A quokka comes into view.
Found 10 gold pieces.
An orc comes into view. It is wielding a +0 falchion.
An orc wizard comes into view. It is wielding a +0 dagger.
Ijyb zaps a wand.
The mass of ice explodes!
The iceblast engulfs you!
Ijyb screams, "No!
No, no, no, no!"
Ijyb zaps a wand.
The mass of ice explodes!
The iceblast engulfs you!
* * * LOW HITPOINT WARNING * * *
The orc wizard casts a spell at itself.
The orc wizard flickers and vanishes!
Deactivating autopickup; reactivate with Ctrl-A.
Ijyb zaps a wand.
The mass of ice explodes!
The iceblast engulfs you!
* * * LOW HITPOINT WARNING * * *
The iceblast engulfs the orc.
You block the orc's attack. Ijyb screams, "I cut your head off!"
Ijyb zaps a wand.
The mass of ice explodes!
The iceblast engulfs you!
You die...

.....##.####
.#................#
...g..............#
###....####........
.##....#####....(.##
....................#
#.####.....#....<.#.###
..>......#.#......#...##
#...##)#........@.......
........................
#####............or###..
##.###..........### #.#
##.####...$..# #.#
#.####g##....#
#.####.##..........
#.#................
#.#.#.#..##.#####..


You could see Ijyb, an orc and a quokka.

Vanquished Creatures
  Sigmund (D:2)
  Jessica (D:3)
  An iguana (D:3)
  3 adders (D:2)
  3 leopard geckos
  An orc (D:3)
  2 bats
  7 giant cockroaches
  9 goblins
  5 hobgoblins
  6 jackals
  2 ball pythons
  7 frilled lizards
  5 kobolds
  7 rats
60 creatures vanquished.

Notes
Turn   | Place    | Note
-------+----------+-------------------------------------------
     0 | D:1      | siradein the Draconian Conjurer began the quest for the
                  | Orb.
     0 | D:1      | Reached XP level 1. HP: 14/14 MP: 3/3
   349 | D:1      | Reached XP level 2. HP: 20/20 MP: 3/5
   661 | D:1      | Learned a level 2 spell: Searing Ray
  1282 | D:2      | Reached skill level 5 in Conjurations
  1307 | D:2      | Reached XP level 3. HP: 26/26 MP: 3/6
  1426 | D:2      | Found a faded altar of an unknown god.
  1856 | D:2      | Found a broken altar of Ashenzari.
  1935 | D:2      | Noticed Sigmund
  1970 | D:2      | Reached XP level 4. HP: 33/33 MP: 5/7
  2016 | D:2      | Killed Sigmund
  2017 | D:2      | Reached skill level 7 in Conjurations
  2017 | D:2      | Reached XP level 5. HP: 21/38 MP: 0/8
  2461 | D:3      | Noticed Jessica
  2654 | D:3      | Killed Jessica
  2655 | D:3      | Reached XP level 6. HP: 45/45 MP: 3/9
  2737 | D:3      | Noticed Ijyb
  3081 | D:3      | HP: 1/43 [Ijyb/iceblast (11)]
  3082 | D:3      | Killed from afar by Ijyb

Illustrated notes

Levels and vault maps discovered:
D:1:      minmay_arrival_glassed_features, layout_loops_cross
D:2:      layout_rooms, chequers_ecumenical_altar_grove, ashenzari_altar_1,
          uniq_sigmund
D:3:      layout_rooms, nicolae_overflow_hidden_temple, uniq_ijyb, uniq_robin,
          uniq_jessica

Skill      XL: |  1  2  3  4 |
---------------+-------------+-----
Conjurations   | 5 7 |  7.5
Dodging        | |  1.7
Stealth        | |  1.7
Spellcasting   | |  2.0

Action                   |  1- 3 |  4- 6 || total
-------------------------+-------+-------++-------
Melee: Mace              |     2 |       ||     2
       Long sword        |     2 |       ||     2
 Cast: Magic Dart        |    76 |    20 ||    96
       Searing Ray       |     4 |     7 ||    11
Armor: Skin              |     9 |     4 ||    13
Dodge: Dodged            |    22 |    11 ||    33
Block: Other             |     6 |     2 ||     8
       Rpst.: Long sword |     1 |       ||     1

Table legend: (Time is in decaauts)
 A = Elapsed time spent in this place.
 B = Non-inter-level travel time spent in this place.
 C = Inter-level travel time spent in this place.
 D = Time resting spent in this place.
 E = Time spent auto-exploring this place.
 F = Levels seen in this place.
 G = Mean time per level.
                   A        B        C        D        E       F      G
               +--------+--------+--------+--------+--------+-----+--------+
         Total |   3085 |   2988 |     97 |    178 |   2358 |   3 | 1028.3 |
       Dungeon |   3085 |   2988 |     97 |    178 |   2358 |   3 | 1028.3 |
               +--------+--------+--------+--------+--------+-----+--------+

Top non-repeatable levels by time:
     D:2: 1376 daAuts
     D:1: 1279 daAuts
     D:3: 429 daAuts
